 Dungeon Crawl Stone Soup version 0.32-a0-33-g74fbe46 (webtiles) character file.

Game seed: 17738036134521491783

2424 Dorkslayer the Grappler (level 9, -7/55 HPs)
             Began as an Octopode Shapeshifter on Jan 20, 2024.
             Killed from afar by a steam dragon (17 damage)
             ... with a ball of steam
             ... on level 6 of the Dungeon.
             The game lasted 00:13:57 (5571 turns).

Dorkslayer the Grappler (Octopode Shapeshifter)     Turns: 5571, Time: 00:13:57

Health: -7/55      AC:  1    Str: 24    XL:     9   Next: 48%
Magic:  9/9        EV: 14    Int: 12    God:
Gold:   408        SH:  0    Dex: 11    Spells: 8/8 levels left

rFire   . .          .
                       - Unarmed
rCold   . . .        (no shield)
rNeg    . . .        (helmet currently unavailable)
rPois   .            q - amulet of magic regeneration
rElec   .            j - +4 ring of slaying
rCorr   .            C - +6 ring of strength
SInv    .            (no ring)
Will    .....        (no ring)
Stlth   ++++         (no ring)
HPRegen 0.29/turn    (no ring)
MPRegen 0.51/turn    (no ring)
                     (no ring)

%: no passive effects
@: beast-form
A: beast (slay +2), almost no armour, amphibious, 8 rings, camouflage 1,
gelatinous body 1, (nimble swimmer 1), tentacles
a: Begin Untransformation


You were on level 6 of the Dungeon.
You were a hulking beast.
You visited 2 branches of the dungeon, and saw 8 of its levels.
You also visited: Sewer.

You collected 408 gold pieces.

Inventory:

Hand Weapons
 u - a +0 mace
 w - a +0 morningstar
 B - a +1 war axe
Missiles
 d - 5 atropa-tipped darts (quivered)
 i - 2 curare-tipped darts
 y - 6 boomerangs
Jewellery
 j - a +4 ring of slaying (left tentacle)
 q - an amulet of magic regeneration (around mantle)
 C - a +6 ring of strength (right tentacle)
Talismans
 b - a beast talisman
 c - a flux talisman
 E - a blade talisman
Wands
 r - a wand of charming (8)
 D - a wand of roots (8)
 G - a wand of digging (6)
Scrolls
 h - 3 scrolls of teleportation
 t - a scroll of revelation
 x - a scroll of amnesia
Potions
 a - a potion of lignification
 e - a potion of ambrosia {unknown}
 f - 2 potions of cancellation
 g - 2 potions of mutation {unknown}
 k - a potion of enlightenment {unknown}
 l - 3 potions of heal wounds
 m - 3 potions of resistance {unknown}
 n - a potion of experience {unknown}
 o - 3 potions of haste {unknown}
 p - 2 potions of might {unknown}
 s - 2 potions of degeneration {unknown}
 v - a potion of magic {unknown}
 F - a potion of curing
 H - a potion of brilliance {unknown}


   Skills:
 + Level 2.7 Fighting
 + Level 0.9 Throwing
 + Level 3.7 Dodging
 - Level 7.1 Stealth
 - Level 9.6 Unarmed Combat
 + Level 3.7 Evocations
 * Level 4.5 Shapeshifting


You had 8 spell levels left.
You didn't know any spells.
Your spell library contained the following spells:

 Spells                   Type           Power      Damage    Failure   Level
 Magic Dart               Conj           0%         1d3       32%         1
 Blink                    Tloc           0%         N/A       45%         2
 Call Imp                 Summ           0%         N/A       45%         2
 Ensorcelled Hibernation  Hex/Ice        0%         N/A       45%         2
 Lesser Beckoning         Tloc           0%         N/A       45%         2
 Momentum Strike          Conj/Tloc      0%         3d8       45%         2
 Passwall                 Erth           0%         N/A       69%         3
 Swiftness                Air            0%         N/A       69%         3


Dungeon Overview and Level Annotations

Branches:
Dungeon (7/15)             Temple (1/1) D:4           Sewer (visited)

Altars:
Ashenzari
Cheibriados
Elyvilon
Fedhas
Gozag
Kikubaaqudgha
Nemelex Xobeh
Okawaru
Qazlal
Ru
Trog
Uskayaw
Vehumet
Wu Jian
Xom
Yredelemnul
Zin
The Shining One

Annotations:
D:7 Jeremiah


Innate Abilities, Weirdness & Mutations

You are a hulking beast.
Your limbs bulge with bestial killing power. (Slay +2)
You cannot wear most types of armour.
You are amphibious.
You can wear up to eight rings at the same time.
Your skin changes colour to match your surroundings (Stealth+).
Your rubbery body absorbs attacks. (AC +1, EV +1)
((You are camouflaged when in or above water. (Stealth+)))
You have tentacles for arms and can constrict up to eight enemies at once.


Message History

The gnoll bouda barks out a call to the hunt!
The gnolls pick up the pace!
The centaur shoots an arrow.
The arrow closely misses you.
The gnoll shouts!
Throw: 7 darts (atropa)
Press: ? - help, Q - select action, (/) - cycle Shift-Dir - straight line, f - Jeremiah, p - gnoll
Aim: Jeremiah, wielding a +4 trident of draining, wearing a +0 robe and wearing an orb of energy (56% to hit, chance to blind on hit: 35%)
You throw an atropa-tipped dart. The atropa-tipped dart misses Jeremiah.
The gnoll seems less confused.
The orc wizard points at you and mumbles some strange words.
The puff of flame misses you.
The centaur shoots an arrow.
The arrow closely misses you.
Jeremiah shouts, "O dreadful one, destroy my foe!"
Something smites you!
Throw: 6 darts (atropa)
Press: ? - help, Q - select action, (/) - cycle Shift-Dir - straight line, f/p - Jeremiah
Aim: Jeremiah, wielding a +4 trident of draining, wearing a +0 robe and wearing an orb of energy (56% to hit, chance to blind on hit: 35%)
You throw an atropa-tipped dart.
The atropa-tipped dart closely misses Jeremiah.
The gnoll is no longer blind.
The steam dragon bites you! The steam dragon closely misses you.
The gnoll bouda barks out a call to the hunt!
The gnoll picks up the pace!
You climb upwards.
There is a stone staircase leading down here.
You bludgeon the steam dragon!
The steam dragon is heavily wounded.
The steam dragon bites you!
* * * LOW HITPOINT WARNING * * *
The steam dragon misses you.
You barely miss the steam dragon.
You squeeze the steam dragon, but do no damage.
The steam dragon is heavily wounded.
The steam dragon misses you. The steam dragon claws you.
* * * LOW HITPOINT WARNING * * *
You barely miss the steam dragon.
The steam dragon is heavily wounded.
The steam dragon breathes steam at you. The ball of steam hits you!
You die...

#.........##.#..# #.....##.
##.......###...## #.....##.
##...>.## ##...## #.....##.
####### #....####.....##.
#..#...##........
#..##.........##.
##..#...##.....#..
###........#.....#.#
#########.Dh###..#..###....#
#.........#####..##.....####
#.........# #...#####....##
#.........# ##.#..###..##..#
#.<.......# #..##..#..####..
#.........# #.####..)## ##.
######.#### #.##.....## ##
#....###.##.##...## #
####......#.####..#####


You could see a steam dragon (catching breath).

Vanquished Creatures
  A shadow (D:5)
  2 water moccasins
  2 black bears
  4 ogres
  A centaur (D:5)
  4 kobold brigands (Sewer)
  3 phantoms
  3 scorpions
  4 bombardier beetles
  5 hounds
  Ijyb (D:3)
  6 iguanas
  13 adders
  6 river rats
  2 ufetubi (D:6)
  4 ribbon worms
  3 dart slugs
  10 orcs
  15 ball pythons
  8 bats
  6 endoplasms
  8 giant cockroaches
  6 goblins
  2 hobgoblins
  A jackal (D:3)
  9 quokkas
  2 frilled lizards
  17 kobolds
  22 rats
170 creatures vanquished.

Notes
Turn   | Place    | Note
-------+----------+-------------------------------------------
     0 | D:1      | Dorkslayer the Octopode Shapeshifter began the quest for
                  | the Orb.
     0 | D:1      | Reached XP level 1. HP: 13/13 MP: 1/1
   108 | D:1      | Reached XP level 2. HP: 17/18 MP: 2/2
   667 | D:1      | Reached skill level 1 in Stealth
   820 | D:2      | Reached XP level 3. HP: 23/23 MP: 3/3
  1502 | D:3      | Found a faded altar of an unknown god.
  1518 | D:3      | Reached skill level 4 in Unarmed Combat
  1518 | D:3      | Reached XP level 4. HP: 28/28 MP: 4/4
  1669 | D:3      | Reached XP level 5. HP: 33/33 MP: 5/5
  1672 | D:3      | Found a glowing drain.
  1676 | Sewer    | Entered a sewer
  1766 | Sewer    | Noticed a kobold brigand
  1766 | Sewer    | Noticed a kobold brigand
  1873 | Sewer    | Reached skill level 5 in Unarmed Combat
  1924 | Sewer    | Killed a kobold brigand
  1925 | Sewer    | Reached XP level 6. HP: 24/38 MP: 6/6
  2259 | Sewer    | Reached skill level 6 in Unarmed Combat
  2266 | Sewer    | Reached XP level 7. HP: 6/43 MP: 7/7
  2541 | D:3      | Found a white marble altar of Elyvilon.
  2643 | D:3      | Noticed Ijyb
  2657 | D:3      | Killed Ijyb
  2658 | D:3      | Reached skill level 7 in Unarmed Combat
  3310 | D:4      | Found a staircase to the Ecumenical Temple.
  3316 | Temple   | Entered the Ecumenical Temple
  3356 | D:4      | Reached skill level 1 in Evocations
  3485 | D:4      | Reached XP level 8. HP: 49/49 MP: 8/8
  3899 | D:4      | Reached skill level 5 in Stealth
  3899 | D:4      | Reached skill level 8 in Unarmed Combat
  4146 | D:5      | Entered Level 5 of the Dungeon
  4469 | D:5      | Found an ancient bone altar of Kikubaaqudgha.
  4655 | D:5      | Noticed a shadow
  4660 | D:5      | Found a glowing golden altar of the Shining One.
  4676 | D:5      | Killed a shadow
  4677 | D:5      | Reached skill level 9 in Unarmed Combat
  4677 | D:5      | Reached XP level 9. HP: 44/54 MP: 9/9
  4809 | D:5      | Found a sacrificial altar of Ru.
  5561 | D:7      | Noticed Jeremiah
  5571 | D:6      | Killed from afar by a steam dragon

Illustrated notes

Levels and vault maps discovered:
D:1:      beargit_arrival_greenhouse, layout_loops_ring, minmay_tetromino_s4
D:2:      layout_basic, kennysheep_flooded_box, fountainhead,
          minmay_worlds_worst_comb
D:3:      layout_loops_ring, elyvilon_altar_1, gup_sewer_entry_spiral,
          ebering_ecumenical_altar_mist, minmay_fractal_squares_gapless_5,
          uniq_ijyb
D:4:      layout_cave_pods, minmay_temple_entry_hall
D:5:      kennysheep_spiral_hall, layout_basic, old_standard_altar,
          grunt_temple_overflow_open, nicolae_zig_zag_zippers
D:6:      layout_rooms
D:7:      kb_forest_paths, layout_basic, grunt_dithmenos_shadows,
          nicolae_overflow_crystal_walls, uniq_jeremiah
Temple:   jpeg_temple_clearing

Skill      XL: |  1  2  3  4  5  6  7  8  9 |
---------------+----------------------------+-----
Stealth        | 1 2 3 4 6 7 |  7.1
Unarmed Combat | 4 5 6 7 9 |  9.6
Dodging        | 3 |  3.7
Evocations     | 1 3 |  3.7
Shapeshifting  | 4 |  4.5
Fighting       | 2 |  2.7
Throwing       | |  0.9

Action                     |  1- 3 |  4- 6 |  7- 9 || total
---------------------------+-------+-------+-------++-------
  Melee: Unarmed           |    67 |   110 |   142 ||   319
         Tentacles         |    14 |    20 |    28 ||    62
         Constrict         |    19 |    23 |    32 ||    74
         Punch             |       |     4 |    12 ||    16
  Throw: Dart              |       |     6 |     7 ||    13
    Use: Scroll            |     4 |       |     6 ||    10
         Potion            |       |     3 |       ||     3
   Stab: Sleeping          |    13 |     3 |    20 ||    36
 Armour: Skin              |    27 |    37 |    64 ||   128
  Dodge: Dodged            |    28 |    50 |    78 ||   156

Table legend: (Time is in decaauts)
 A = Elapsed time spent in this place.
 B = Non-inter-level travel time spent in this place.
 C = Inter-level travel time spent in this place.
 D = Time resting spent in this place.
 E = Time spent auto-exploring this place.
 F = Levels seen in this place.
 G = Mean time per level.
                   A        B        C        D        E       F      G
               +--------+--------+--------+--------+--------+-----+--------+
         Total |   5551 |   5551 |      0 |     69 |   3332 |   9 |  616.8 |
       Dungeon |   4773 |   4773 |      0 |     69 |   2968 |   7 |  681.9 |
        Temple |     19 |     19 |      0 |      0 |      0 |   1 |   19.0 |
         Sewer |    758 |    758 |      0 |      0 |    364 |   1 |  758.0 |
               +--------+--------+--------+--------+--------+-----+--------+

Top non-repeatable levels by time:
     D:3: 994 daAuts
     D:4: 901 daAuts
     D:5: 882 daAuts
   Sewer: 758 daAuts
     D:2: 734 daAuts
     D:1: 729 daAuts
     D:6: 524 daAuts
  Temple: 19 daAuts
     D:7: 6 daAuts
